 Dungeon Crawl Stone Soup version 0.30-a0-292-g0f741e3f8e (webtiles) character file.

Game seed: 15929802975089702073

131441 billz999 the Transmogrifier (level 16, -16/162 HPs)
             Began as a Vampire Earth Elementalist on Oct 15, 2022.
             Was the Champion of Dithmenos.
             Demolished by a nagaraja
             ... wielding a +0 club
              (19 damage)
             ... on level 4 of the Snake Pit on Oct 18, 2022.
             The game lasted 01:38:34 (32909 turns).

billz999 the Transmogrifier (VpEE)                 Turns: 32909, Time: 01:38:35

Health: -16/162    AC: 31    Str: 17    XL:     16   Next: 55%
Magic:  0/30       EV: 13    Int: 20    God:    Dithmenos [******]
Gold:   317        SH:  0    Dex: 18    Spells: 23/36 levels left

rFire   + . .      SeeInvis +    Q - +5 war axe of Gymood {spect, Str+2 SInv}
rCold   + . .      Faith    .    (no shield)
rNeg    + + +      Spirit   +    (body armour currently unavailable)
rPois   ∞          Reflect  .    H - +2 helmet
rElec   +          Harm     .    p - +0 cloak
rCorr   .          Rampage  .    (gloves currently unavailable)
Will    +....      NoTele   +    (boots currently unavailable)
Stlth   +++++++++.               u - amulet of guardian spirit
HPRegen 0.67/turn                P - ring "Zoshramaa" {Str+6 Dex+4}
MPRegen 0.22/turn                O - ring "Kod Jifa" {rF+ rC+ rN+++ Int-4 Slay+4}

@: statue-form, weakened, untranslocatable, healing quickly, wreathed by umbra,
constricted, very slow
A: slow and powerful, torment resistance 1, boosted hp, alive, fangs 3, see
invisible, vampiric 2
a: Exsanguinate, End Transformation, Renounce Religion, Shadow Step, Shadow Form


You were on level 4 of the Snake Pit.
You worshipped Dithmenos.
Dithmenos was exalted by your worship.
You were a living statue of rough stone.
You visited 4 branches of the dungeon, and saw 25 of its levels.

You collected 1525 gold pieces.
You spent 1208 gold pieces at shops.

Inventory:

Hand Weapons
 d - a +2 broad axe of electrocution
 r - a +2 vampiric short sword
 L - the +8 war axe "Myxechoru" {flame, Fragile +Blink rC+ Will+}
   (You found it on level 13 of the Dungeon)

   It burns those it strikes, dealing additional fire damage.
   Big, fiery blades are also staple armaments of hydra-hunters.
   rC:        It protects you from cold.
   +Blink:    It lets you blink.
   Fragile:   It will be destroyed if unequipped.
   Will:      It increases your willpower.
 Q - the +5 war axe of Gymood (weapon) {spect, Str+2 SInv}
   (You found it on level 9 of the Dungeon)

   When its wielder attacks, the weapon's spirit leaps out and strikes again.
   The spirit shares a part of any damage it takes with its wielder.
   Str:       It affects your strength (+2).
   SInv:      It lets you see invisible.
Missiles
 U - 2 throwing nets (quivered)
Armour
 o - the +1 pair of gloves of Starshine (melded) {rC+ Regen+ Str-4 Dex+5}
   (You found it on level 1 of the Lair of Beasts)

   Str:       It affects your strength (-4).
   Dex:       It affects your dexterity (+5).
   rC:        It protects you from cold.
   Regen:     It increases your rate of health regeneration.
 p - a +0 cloak (worn)
 y - a +1 robe of positive energy (melded)
 G - a +0 pair of boots (melded)
 H - a +2 helmet (worn)
Jewellery
 i - a +4 ring of evasion
 j - the ring "Tidakhlo" {EV+4 Int+2}
   (You took it off a necromancer on level 5 of the Lair of Beasts)

   [ring of evasion]

   EV:        It affects your evasion (+4).
   Int:       It affects your intelligence (+2).
 n - an amulet of regeneration
 u - an amulet of guardian spirit (around neck)
 w - a ring of resist corrosion
 z - a ring of protection from fire
 A - a +4 ring of protection
 I - a ring of protection from fire
 O - the ring "Kod Jifa" (right fist) {rF+ rC+ rN+++ Int-4 Slay+4}
   (You found it on level 8 of the Dungeon)

   [ring of slaying]

   Int:       It affects your intelligence (-4).
   Slay:      It affects your accuracy & damage with ranged weapons and melee
   (+4).
   rF:        It protects you from fire.
   rC:        It protects you from cold.
   rN:        It renders you almost immune to negative energy.
 P - the ring "Zoshramaa" (left fist) {Str+6 Dex+4}
   (You bought it in a shop on level 12 of the Dungeon)

   [ring of strength]

   Str:       It affects your strength (+6).
   Dex:       It affects your dexterity (+4).
 V - an amulet of reflection
 W - a ring of protection from fire
Wands
 x - a wand of flame (40)
 B - a wand of iceblast (26)
 D - a wand of digging (2)
 M - a wand of paralysis (7)
 R - a wand of polymorph (23)
 X - a wand of light (24)
Scrolls
 b - a scroll of enchant armour
 c - 2 scrolls of butterflies
 g - a scroll of blinking
 h - 2 scrolls of brand weapon
 m - 2 scrolls of vulnerability
 q - a scroll of silence
 t - 4 scrolls of teleportation
 C - 5 scrolls of amnesia
 K - 2 scrolls of poison
 N - a scroll of magic mapping
 S - 3 scrolls of identify
Potions
 e - 10 potions of curing
 f - 9 potions of lignification
 k - 2 potions of resistance
 l - 4 potions of berserk rage
 s - 4 potions of flight
 v - 3 potions of mutation
 E - a potion of might
 F - 3 potions of attraction
 J - a potion of invisibility
 T - a potion of brilliance
 Y - 4 potions of cancellation
 Z - 7 potions of haste


   Skills:
 + Level 11.0 Fighting
 - Level 6.0 Short Blades
 * Level 12.1 Axes
 - Level 6.9 Dodging
 - Level 12.9 Stealth
 - Level 10.6 Spellcasting
 - Level 14.1 Transmutations
 - Level 12.3 Earth Magic
 - Level 8.2 Invocations


You had 23 spell levels left.
You knew the following spells:

 Your Spells              Type           Power      Damage    Failure   Level
a - Sandblast             Erth           100%       2d20      1%          1
b - Petrify               Tmut/Erth      59%        N/A       1%          4
c - Statue Form           Tmut/Erth      39%        N/A       4%          6
d - Passwall              Tmut/Erth      49%        N/A       1%          2

Your spell library contained the following spells:

 Spells                   Type           Power      Damage    Failure   Level
 Stone Arrow              Conj/Erth      70%        3d11      1%          3
 Magic Dart               Conj           40%        1d5       7%          1
 Call Imp                 Summ           10%        N/A       10%         2
 Mephitic Cloud           Conj/Pois/Air  10%        N/A       21%         3
 Manifold Assault         Tloc           10%        N/A       54%         4
 Metabolic Englaciation   Hex/Ice        5%         N/A       88%         5
 Dispersal                Tloc           5%         N/A       100%        6
 Disjunction              Tloc           5%         N/A       100%        8


Dungeon Overview and Level Annotations

Branches:
Dungeon (15/15)            Temple (1/1) D:4            Lair (5/5) D:8
 Shoals (0/4) Lair:3        Snake (4/4) Lair:3        Slime (0/5) Lair:5
    Orc (0/2) D:10         Vaults (0/5) D:13         Depths (0/4) D:15

Altars:
Ashenzari
Cheibriados
Dithmenos
Fedhas
Gozag
Hepliaklqana
Kikubaaqudgha
Makhleb
Nemelex Xobeh
Okawaru
Qazlal
Ru
Sif Muna
Trog
Uskayaw
Vehumet
Wu Jian
Xom
Yredelemnul
Jiyva

Shops:
D:3 =:=?[   D:6 :   D:7 (   D:8 (   D:12 =   D:13 (?*(

Annotations:
Lair:5 exclusion: obsidian statue
Snake:3 Roxanne


Innate Abilities, Weirdness & Mutations

You are a living statue of rough stone.
Your actions are slow, but your melee attacks are powerful.
You are resistant to unholy torment.
Your maximum health is greatly increased.
You are immune to poison.
Your equipment is partially melded.
Your natural rate of healing is accelerated.
You have razor-sharp teeth.
You have supernaturally acute eyesight. (SInv)
You are afflicted with vampirism and can become a bat while bloodless.


Message History

* * * LOW HITPOINT WARNING * * *
The salamander tyrant hits you but does no damage.
The nagaraja casts a spell at you. The poison arrow hits you!
You partially resist.
* * * LOW HITPOINT WARNING * * *
The nagaraja constricts you.
The nagaraja hits you but does no damage.
Okay, then.
You slice the salamander tyrant!! Your bite misses the salamander tyrant.
The salamander tyrant is almost dead.
You hit the nagaraja. You hit the nagaraja but do no damage.
Your shadow hits the salamander tyrant but does no damage.
Your shadow hits the nagaraja but does no damage.
Your shadow barely misses the nagaraja.
The nagaraja loses its grip on you.
The nagaraja hits you but does no damage.
The nagaraja closely misses you. The nagaraja misses you.
The salamander tyrant gazes fiercely through you!
You feel as though you will be weak longer.
The salamander tyrant closely misses you.
The nagaraja hits you from afar with a +2 vampiric spear!
* * * LOW HITPOINT WARNING * * *
As you read the scroll of fear, it crumbles to dust.
You assume a fearsome visage.
The nagaraja easily resists.
The salamander tyrant resists with some effort.
The nagaraja looks frightened!
The nagaraja resists with some effort.
The naga warrior resists with some effort.
The black mamba resists with some effort.
The nagaraja hits you with a +0 flail!!
* * * LOW HITPOINT WARNING * * *
The nagaraja grabs you. The nagaraja constricts you.
The nagaraja spits poison at you.
The splash of poison hits you but does no damage.
You resist. The nagaraja spits poison at you.
The splash of poison hits you but does no damage.
You resist. The nagaraja constricts you.
* * * LOW HITPOINT WARNING * * *
The salamander tyrant hits you but does no damage.
The nagaraja hits you with a +0 club!!
You die...

*,########,,**,,,*,
###......####,*,,*,
##.....).....##*,,*,
####......).)....##,,*,
##.#....######)....#,,*,
####.##.).##....###)..##**,
###....#.÷.##.......#....# *,
##.....##...#NN......##...# *,
##...<..#...##8NSN.....#...# *.
#.......#...#.N§#.....,#...# #.
##.......#...#...#,,...##...###.
##........#...#...##,,,##...###..
#.........#...#....##*##....##...
##........#...##....###....##....
##.......##...#.......)..##÷....
##..####.#...##........##......
##...#####...###.....##.....#.


You could see 3 nagarajas, a naga warrior, a salamander tyrant (strong) and a
black mamba.

Vanquished Creatures
  Rupert (Lair:3)
  Kirke (Lair:3)
  6 nagarajas
  2 frost giants
  Aizul (Snake:3)
  Louise (D:15)
  An ironbound preserver (D:13)
  Nessos (Lair:5)
  3 dire elephants
  Snorg (D:10)
  Fannar (Lair:1)
  4 hydras
  7 anacondas
  9 two-headed ogres
  4 centaur warriors
  An ogre mage (D:14)
  A catoblepas (Lair:3)
  5 tengu warriors
  5 boulder beetles
  An orc high priest (D:14)
  10 naga warriors
  3 naga sharpshooters
  2 shock serpents (Snake:2)
  Nergalle (D:12)
  A spectral death yak (Lair:5)
  A skeletal warrior (D:13)
  A spectral anaconda (Lair:5)
  4 naga ritualists
  A harpy (shapeshifter) (D:13)
  10 ugly things
  3 orc knights (D:14)
  9 deep elf pyromancers
  4 necromancers (Lair:5)
  3 deep elf zephyrmancers (D:14)
  9 cyclopes
  A mana viper (Snake:1)
  3 manticores
  4 salamanders
  Maurice (D:13)
  28 black mambas
  9 elephants
  7 guardian serpents
  A torpor snail (Lair:4)
  A molten gargoyle (Lair:1)
  A dire elephant zombie (Lair:5)
  12 naga magi
  15 cane toads
  A cane toad (shapeshifter) (D:12)
  A rime drake (Lair:5)
  Psyche (D:9)
  2 gargoyles
  3 unseen horrors
  4 kobold demonologists
  13 komodo dragons
  4 tengu conjurers (D:14)
  4 trolls
  A wind drake (Lair:3)
  2 polar bears
  3 meliai (D:15)
  Grinder (D:3)
  13 blink frogs
  3 raiju (D:14)
  Prince Ribbit (D:8)
  9 slime creatures
  A shadow (D:12)
  Sigmund (D:4)
  5 wraiths
  A water elemental (D:12)
  44 yaks
  A vampire (D:11)
  5 basilisks
  2 hogs (Lair:2)
  5 wyverns
  15 vampire mosquitoes
  A death yak simulacrum (Lair:5)
  2 spectral cane toads (Lair:5)
  2 acid dragons
  2 wargs (D:14)
  37 nagas
  12 water moccasins
  9 hell hounds (D:14)
  An ice beast (D:8)
  A sky beast (D:6)
  A black bear (D:8)
  4 orc warriors
  2 ogres (D:6)
  11 centaurs
  7 wolves
  2 phantoms (D:6)
  4 kobold brigands
  2 gnoll sergeants
  3 necrophages
  2 scorpions
  7 bullfrogs
  13 wights
  2 elephant simulacra (Lair:5)
  6 killer bees (D:9)
  An electric eel (D:12)
  4 howler monkeys
  2 lava snakes (D:13)
  3 hounds
  2 gnoll boudas
  3 orc priests
  2 jellies
  Ijyb (D:5)
  3 iguanas
  6 orc wizards
  Robin (D:4)
  7 adders
  22 gnolls
  A shadow imp (D:8)
  2 white imps (D:8)
  3 worms
  46 orcs
  3 bats
  3 bat zombies (D:14)
  11 endoplasms
  7 giant cockroaches
  14 goblins
  11 hobgoblins
  3 jackals (D:1)
  19 kobolds
  A quokka (shapeshifter) (D:13)
  2 quokkas
  3 ball pythons
  5 frilled lizards
  8 rats
  2 rat zombies (D:14)
  A bush (Lair:5)
682 creatures vanquished.

Vanquished Creatures (others)
  A human (Lair:3)
  A bush (Lair:5)
  61 fungi
  70 plants
  30 withered plants (Lair:5)
163 creatures vanquished.

Grand Total: 845 creatures vanquished

Notes
Turn   | Place    | Note
-------+----------+-------------------------------------------
     0 | D:1      | billz999 the Vampire Earth Elementalist began the quest for
                  | the Orb.
     0 | D:1      | Reached XP level 1. HP: 13/13 MP: 3/3
   289 | D:1      | Reached XP level 2. HP: 18/19 MP: 0/5
   307 | D:1      | Reached skill level 2 in Transmutations
  1084 | D:1      | Gained mutation: You are afflicted with vampirism and can
                  | become a bat while bloodless. [Vampire growth]
  1084 | D:1      | Reached XP level 3. HP: 24/24 MP: 4/6
  1667 | D:2      | Reached skill level 3 in Transmutations
  2082 | D:3      | Found Qaerag's Jewellery Emporium.
  2093 | D:3      | Found Voat's Book Emporium.
  2121 | D:3      | Upgraded the game from 0.30-a0-272-gf98c3da03f to
                  | 0.30-a0-279-g4b46babb21
  2128 | D:3      | Found Sickanun's Magic Scroll Boutique.
  2238 | D:3      | Noticed Grinder
  2255 | D:3      | Killed Grinder
  2256 | D:3      | Reached skill level 5 in Transmutations
  2256 | D:3      | Reached XP level 4. HP: 30/30 MP: 0/7
  2256 | D:3      | Reached XP level 5. HP: 35/35 MP: 0/8
  2364 | D:3      | Found Ezumaet's Armour Boutique.
  2518 | D:3      | Found Nocun's Jewellery Shop.
  2933 | D:4      | Reached XP level 6. HP: 41/41 MP: 3/9
  3212 | D:4      | Reached skill level 6 in Transmutations
  3541 | D:4      | Upgraded the game from 0.30-a0-279-g4b46babb21 to
                  | 0.30-a0-292-g0f741e3f8e
  3613 | D:4      | Noticed Robin
  3700 | D:4      | Killed Robin
  3701 | D:4      | Reached XP level 7. HP: 46/46 MP: 0/10
  3928 | D:4      | Found a staircase to the Ecumenical Temple.
  3940 | D:4      | Learned a level 4 spell: Petrify
  4159 | Temple   | Entered the Ecumenical Temple
  4476 | Temple   | Became a worshipper of Dithmenos the Shadowed
  4987 | D:4      | Noticed Sigmund
  4999 | D:4      | Killed Sigmund
  5317 | D:5      | Entered Level 5 of the Dungeon
  5684 | D:5      | Noticed Ijyb
  5688 | D:5      | Killed Ijyb
  5691 | D:5      | Reached XP level 8. HP: 31/52 MP: 7/13
  5927 | D:5      | Found an opulent altar of Gozag.
  5979 | D:5      | Reached skill level 5 in Earth Magic
  5979 | D:5      | Reached skill level 7 in Transmutations
  6295 | D:6      | Reached skill level 1 in Short Blades
  6347 | D:6      | Reached * piety under Dithmenos
  6376 | D:6      | You fall into a shaft and drop 1 floor!
  6541 | D:7      | Found Qaip's Antique Weapon Emporium.
  6723 | D:7      | Reached skill level 8 in Transmutations
  6882 | D:6      | Found Geha's Book Shop.
  7192 | D:6      | Found a snail-covered altar of Cheibriados.
  7275 | D:6      | Reached XP level 9. HP: 57/57 MP: 12/16
  7380 | D:6      | Reached skill level 5 in Spellcasting
  7593 | D:6      | Found an iron altar of Okawaru.
  7645 | D:6      | Reached skill level 9 in Transmutations
  7863 | D:7      | Reached ** piety under Dithmenos
  8734 | D:8      | Noticed Prince Ribbit
  8746 | D:8      | Killed Prince Ribbit
  8865 | D:8      | Reached skill level 10 in Transmutations
  8869 | D:8      | Noticed a two-headed ogre
  8884 | D:8      | Killed a two-headed ogre
  8885 | D:8      | Reached skill level 5 in Short Blades
  8885 | D:8      | Reached XP level 10. HP: 63/63 MP: 4/19
  9267 | D:8      | Found a sparkling altar of Nemelex Xobeh.
  9513 | D:8      | Found a shimmering altar of Xom.
  9580 | D:8      | Noticed a boulder beetle
  9594 | D:8      | Killed a boulder beetle
  9595 | D:8      | Reached skill level 11 in Transmutations
  9705 | D:8      | Identified the ring "Kod Jifa" {rF+ rC+ rN+++ Int-4 Slay+4}
  9904 | D:8      | Found Cokel's Weapon Shoppe.
  9943 | D:8      | Found a staircase to the Lair.
 10407 | D:9      | Identified the +5 war axe of Gymood {spect, Str+2 SInv}
 10571 | D:9      | Noticed Psyche
 10581 | D:9      | Killed Psyche
 10582 | D:9      | Reached skill level 1 in Fighting
 10709 | D:9      | Noticed a gargoyle
 10720 | D:9      | Killed a gargoyle
 10812 | D:9      | Reached *** piety under Dithmenos
 11451 | Lair:1   | Entered Level 1 of the Lair of Beasts
 11455 | Lair:1   | Reached skill level 12 in Transmutations
 11455 | Lair:1   | Reached XP level 11. HP: 73/73 MP: 21/21
 11832 | Lair:1   | Noticed Fannar
 12213 | Lair:1   | Identified the +1 pair of gloves of Starshine {rC+ Regen+
                  | Str-4 Dex+5}
 12541 | Lair:1   | Killed Fannar
 12819 | Lair:2   | Reached skill level 13 in Transmutations
 13287 | Lair:2   | Reached **** piety under Dithmenos
 14236 | Lair:3   | Noticed Kirke
 14236 | Lair:3   | Found a staircase to the Shoals.
 14270 | Lair:2   | Reached XP level 12. HP: 85/85 MP: 7/24
 14321 | Lair:3   | Noticed a catoblepas
 14610 | Lair:3   | Noticed Rupert
 14705 | Lair:3   | Killed Kirke
 14706 | Lair:3   | Reached skill level 5 in Fighting
 14706 | Lair:3   | Reached skill level 14 in Transmutations
 15359 | Lair:4   | Noticed a six-headed hydra
 15371 | Lair:4   | Killed a six-headed hydra
 15850 | D:6      | Bought a book of Sloth for 540 gold pieces
 15857 | D:6      | Learned a level 6 spell: Statue Form
 16003 | Lair:3   | Noticed a seven-headed hydra
 16121 | Lair:3   | Killed Rupert
 16122 | Lair:3   | Reached skill level 10 in Earth Magic
 16137 | Lair:3   | Killed a catoblepas
 16138 | Lair:3   | Reached skill level 10 in Stealth
 16263 | Lair:3   | Killed a seven-headed hydra
 16303 | Lair:3   | Found a staircase to the Snake Pit.
 16935 | Lair:5   | Entered Level 5 of the Lair of Beasts
 16977 | Lair:5   | Noticed a dire elephant
 16977 | Lair:5   | Noticed a dire elephant
 17000 | Lair:5   | Reached XP level 13. HP: 93/93 MP: 7/25
 17118 | Lair:5   | Reached skill level 1 in Axes
 17341 | Lair:5   | Noticed Nessos
 17353 | Lair:5   | Killed Nessos
 18350 | Lair:5   | Identified the +7 dagger of Tese {drain, Str-3 Int+4}
 18577 | Lair:5   | Identified the ring "Tidakhlo" {EV+4 Int+2}
 18938 | Lair:5   | Found a viscous altar of Jiyva.
 18938 | Lair:5   | Found a staircase to the Slime Pits.
 18976 | Lair:5   | Noticed a dire elephant
 19034 | Lair:4   | Killed a dire elephant
 19599 | D:10     | Entered Level 10 of the Dungeon
 19740 | D:10     | Found a staircase to the Orcish Mines.
 20318 | D:10     | Noticed Snorg
 20327 | D:10     | Killed Snorg
 20671 | D:11     | Reached ***** piety under Dithmenos
 20675 | D:11     | Reached skill level 5 in Dodging
 21357 | D:12     | Found Beukev's One-of-a-Kind Rings.
 21839 | D:12     | Noticed Nergalle
 21862 | D:12     | Killed Nergalle
 22019 | D:12     | Reached XP level 14. HP: 104/104 MP: 26/26
 22364 | D:13     | Reached skill level 5 in Axes
 22537 | D:13     | Reached skill level 1 in Invocations
 22722 | D:13     | Found a gate to the Vaults.
 22722 | D:13     | Noticed an ironbound preserver
 22747 | D:13     | Killed an ironbound preserver
 22978 | D:13     | Found Curusoh's General Store.
 23096 | D:13     | Found Pecviepi's Antique Weapon Shop.
 23295 | D:13     | Noticed Maurice
 23302 | D:13     | Killed Maurice
 23341 | D:13     | Found Fitsumyr's Antique Weapon Shop.
 23355 | D:13     | Identified the +8 war axe "Myxechoru" {flame, Fragile
                  | +Blink rC+ Will+}
 23481 | D:13     | Identified the +1 leather armour "Aloharis" {rElec Int+4}
 23532 | D:13     | Found Uhima's Magic Scroll Emporium.
 23880 | Lair:5   | Reached skill level 5 in Invocations
 24305 | Lair:5   | Found the +6 Majin-Bo {vamp, MP+6 Int+6}
 25010 | D:14     | Found a shimmering altar of Xom.
 25011 | D:14     | Found a shimmering altar of Xom.
 25011 | D:14     | Found a shimmering altar of Xom.
 25021 | D:14     | Found a shimmering altar of Xom.
 25022 | D:14     | Found a shimmering altar of Xom.
 25025 | D:14     | Found a shimmering altar of Xom.
 25305 | D:14     | Found an ancient bone altar of Kikubaaqudgha.
 25593 | D:14     | Noticed a frost giant
 25825 | D:14     | Reached XP level 15. HP: 113/113 MP: 13/27
 26926 | D:12     | Bought the ring "Zoshramaa" {Str+6 Dex+4} for 668 gold
                  | pieces
 27146 | Snake:1  | Entered Level 1 of the Snake Pit
 27961 | Snake:1  | Reached skill level 10 in Axes
 28000 | Snake:1  | Reached skill level 10 in Fighting
 28171 | Snake:1  | Reached ****** piety under Dithmenos
 28351 | Snake:2  | You fall into a shaft and drop 1 floor!
 28549 | Snake:2  | Noticed a nagaraja
 28562 | Snake:2  | Killed a nagaraja
 29464 | D:14     | Killed a frost giant
 29605 | D:15     | Entered Level 15 of the Dungeon
 30077 | D:15     | Found a staircase to the Depths.
 30077 | D:15     | Noticed a frost giant
 30084 | D:15     | Killed a frost giant
 30154 | D:15     | Reached XP level 16. HP: 106/124 MP: 11/28
 30296 | D:15     | Noticed Louise
 30306 | D:15     | Killed Louise
 31838 | Snake:3  | Reached skill level 10 in Spellcasting
 31970 | Snake:3  | Noticed Aizul
 31986 | Snake:3  | Killed Aizul
 32337 | Snake:3  | Identified Roxanne's Catalogue of Grit
 32337 | Snake:3  | Noticed Roxanne
 32347 | Snake:4  | Entered Level 4 of the Snake Pit
 32422 | Snake:4  | Learned a level 2 spell: Passwall
 32909 | Snake:4  | HP: 5/162 [nagaraja/+0 flail (24)]
 32909 | Snake:4  | Demolished by a nagaraja

Illustrated notes

Levels and vault maps discovered:
D:1:      elethiomel_arrival_maze, layout_basic, serial_corexii_hall,
          corexii_hall_statues_s, chequers_hall_statues_corner_a,
          chequers_hall_statues_y, corexii_hall_statues_i,
          serial_park_tiny_pond, minmay_liquid_box, minmay_misc_feat_tower,
          minivault_27
D:2:      layout_loops_ring, st_stairs_5
D:3:      layout_basic, serial_shops, shop, shop, shop, shop, shop_fountains,
          uniq_grinder
D:4:      layout_basic, minmay_temple_entry_tees,
          hangedman_abyss_or_decor_jellyfish_corner, minmay_divided_ellipse,
          uniq_robin, uniq_sigmund
D:5:      layout_gridville, lemuel_round_altar, uniq_ijyb
D:6:      minmay_angry_zag, layout_loops_cross, mainiacjoe_overflow_24_doors,
          lemuel_round_altar, serial_shops, nicolae_square_shop,
          hangedman_decor_points, lightli_minifort
D:7:      layout_basic, serial_shops, kennysheep_mini_moat
D:8:      layout_basic, overflow_temple_1_default,
          mainiacjoe_overflow_cross_hatched, grunt_lair_entry_orc_guard_hut,
          enter_bailey_2, serial_curves, eino_curves_01, eino_curves_02,
          eino_curves_03, eino_curves_04, serial_shops, shop,
          kennysheep_just_a_vault, uniq_prince_ribbit1
D:9:      layout_irregular_city, uniq_psyche
D:10:     layout_gridville, uniq_snorg
D:11:     layout_irregular_city
D:12:     layout_basic, fountainhead, minmay_variable_closet,
          nicolae_shop_unique_rings, uniq_nergalle
D:13:     layout_cave_pools, skrybe_vaults_entry_preservation, serial_shops,
          nicolae_shop_trees, nicolae_inconvenience_store,
          nicolae_lakefront_shop, nicolae_shop_overgrown_old_shop, uniq_maurice
D:14:     lemuel_castle_with_subvaults [lemuel_castle_interior_original],
          layout_stronghold, xom_redecorated, drop_trap,
          lemuel_zombie_altar_kikubaaqudgha
D:15:     grunt_enter_depths_snipers, layout_stronghold, tso_altar, uniq_louise
Temple:   minmay_temple_bridge_d
Lair:1:   layout_gridlike, lemuel_fruit_fields, grunt_megastairs_5,
          lemuel_fruit_tree, lemuel_fruit_fields, uniq_fannar
Lair:2:   layout_hall_layers, serial_forest, infiniplex_forest_diagonal,
          infiniplex_forest_lined_room_3, infiniplex_forest_clump_diagonal,
          infiniplex_forest_clump_double, infiniplex_forest_lined_3,
          infiniplex_forest_lined_2, infiniplex_forest_end_2,
          infiniplex_forest_3_way, infiniplex_forest_clump_curved,
          patterned_corridor
Lair:3:   layout_cave_shapes, minmay_shoals_entry_beasts,
          guppyfry_snake_entry_garden, basic_altar, uniq_kirke, uniq_rupert
Lair:4:   layout_roguey
Lair:5:   due_jungle_book, layout_loops_ring, dpeg_slime_entry_enclosed,
          uniq_nessos
Snake:1:  layout_misc_corridors, grunt_megastairs_1
Snake:2:  layout_layer_cave
Snake:3:  layout_grid_shapes, uniq_roxanne, uniq_aizul
Snake:4:  grunt_snake_rune_spirals, layout_onion, nicolae_snake_shapes,
          uniq_bai_suzhen

Skill      XL: |  1  2  3  4  5  6  7  8  9 10 11 12 13 14 15 16 |
---------------+-------------------------------------------------+-----
Transmutations | 2 5 6 8 10 12 13 14 | 14.1
Stealth        | 6 7 11 12 | 12.9
Spellcasting   | 3 4 6 7 8 10 | 10.6
Earth Magic    | 4 5 7 8 9 11 12 | 12.3
Short Blades   | 3 5 6 |  6.0
Fighting       | 2 4 6 7 9 10 11 | 11.0
Axes           | 4 8 11 12 | 12.1
Dodging        | 6 |  6.9
Invocations    | 6 8 |  8.2

Action                   |  1- 3 |  4- 6 |  7- 9 | 10-12 | 13-15 | 16-18 || total
-------------------------+-------+-------+-------+-------+-------+-------++-------
Melee: Unarmed           |     9 |     3 |       |       |       |       ||    12
       Bite              |     1 |     1 |    27 |    80 |   151 |    28 ||   288
       Short sword       |       |    12 |   119 |   316 |   185 |       ||   632
       Spear             |       |     2 |    19 |       |       |       ||    21
       Punch             |       |       |     2 |     6 |    17 |     2 ||    27
       War axe           |       |       |       |    89 |   642 |   151 ||   882
Throw: Stone             |       |       |     3 |       |       |       ||     3
 Cast: Sandblast         |    61 |    90 |   116 |    72 |    74 |     3 ||   416
       Petrify           |       |       |    36 |   134 |   153 |     3 ||   326
       Statue Form       |       |       |       |     5 |    78 |    18 ||   101
Invok: Shadow Form       |       |       |       |       |       |     1 ||     1
 Abil: Bat Form          |       |       |       |       |     1 |       ||     1
       Exsanguinate      |       |       |       |       |     1 |       ||     1
       Revivify          |       |       |       |       |     1 |       ||     1
Evoke: Wand              |       |     4 |     7 |    15 |    18 |     2 ||    46
  Use: Potion            |     1 |       |     1 |     2 |    10 |       ||    14
       Scroll            |       |       |     8 |     5 |    22 |     7 ||    42
 Stab: Invisible         |       |     2 |     1 |     1 |     2 |     2 ||     8
       Sleeping          |       |       |    13 |     6 |    23 |    12 ||    54
       Petrified         |       |       |    59 |   143 |   124 |     6 ||   332
       Petrifying        |       |       |     3 |    23 |    25 |     1 ||    52
       Paralysed         |       |       |       |     5 |       |       ||     5
       Distracted        |       |       |       |       |     8 |     7 ||    15
Armor: Robe              |     2 |     8 |    19 |    70 |    42 |     3 ||   144
       Skin              |       |       |       |    77 |   593 |   102 ||   772
Dodge: Dodged            |    13 |    45 |   164 |   441 |  1132 |   164 ||  1959
Block: Other             |       |       |       |       |   174 |       ||   174
       Reflection        |       |       |       |       |     6 |       ||     6

Table legend: (Time is in decaauts)
 A = Elapsed time spent in this place.
 B = Non-inter-level travel time spent in this place.
 C = Inter-level travel time spent in this place.
 D = Time resting spent in this place.
 E = Time spent auto-exploring this place.
 F = Levels seen in this place.
 G = Mean time per level.
                   A        B        C        D        E       F      G
               +--------+--------+--------+--------+--------+-----+--------+
         Total |  35564 |  31576 |   3988 |   2786 |  22422 |  25 | 1422.6 |
       Dungeon |  21542 |  19210 |   2332 |    964 |  14654 |  15 | 1436.1 |
        Temple |    392 |    227 |    165 |      0 |    216 |   1 |  392.0 |
          Lair |   9100 |   8022 |   1078 |   1277 |   4995 |   5 | 1820.0 |
     Snake Pit |   4528 |   4115 |    413 |    544 |   2557 |   4 | 1132.0 |
               +--------+--------+--------+--------+--------+-----+--------+

Top non-repeatable levels by time:
    D:14: 2746 daAuts
  Lair:5: 2698 daAuts
     D:4: 2111 daAuts
     D:8: 2029 daAuts
  Lair:2: 1880 daAuts
 Snake:2: 1711 daAuts
  Lair:1: 1612 daAuts
    D:13: 1599 daAuts
  Lair:3: 1462 daAuts
  Lair:4: 1446 daAuts
    D:15: 1439 daAuts
 Snake:1: 1429 daAuts
     D:9: 1405 daAuts
     D:1: 1399 daAuts
     D:6: 1376 daAuts
